 Dungeon Crawl Stone Soup version 0.26-a0-690-gcb57259078 (webtiles) character file.

Game seed: 1197922535894112946

130 vt the Magician (level 5, -1/24 HPs)
             Began as a Vine Stalker Hedge Wizard on Oct 24, 2020.
             Slain by a sky beast (4 damage)
             ... on level 4 of the Dungeon.
             The game lasted 00:18:46 (1415 turns).

vt the Magician (Vine Stalker Hedge Wizard)         Turns: 1415, Time: 00:18:47

Health: -1/24      AC:  2    Str: 12    XL:     5   Next: 14%
Magic:  0/12       EV: 12    Int: 15    God:
Gold:   120        SH:  0    Dex: 14    Spells: 2/12 levels left

rFire    . . .     SeeInvis .   a - +0 dagger
rCold    . . .     Faith    .   (no shield)
rNeg     + . .     Spirit   +   b - +0 robe
rPois    .         Reflect  .   c - +0 hat
rElec    .         Harm     .   d - scarf {repulsion}
rCorr    .         Rampage  .   (no gloves)
MR       .....                  (no boots)
Stlth    ++........             (no amulet)
HPRegen  0.48/turn              i - +4 ring of slaying
MPRegen  0.13/turn              y - ring of positive energy

@: very slightly contaminated, repel missiles
A: fangs 2, regeneration 1, magic shield, antimagic bite, no potion heal 3, rot
immunity
a: no special abilities


You were on level 4 of the Dungeon.
You visited 1 branch of the dungeon, and saw 6 of its levels.

You collected 120 gold pieces.

Inventory:

Hand Weapons
 a - a +0 dagger (weapon)
 m - a cursed -3 falchion
   (You found it on level 5 of the Dungeon)
 p - a +1 hand axe of holy wrath
   (You took it off an orc on level 3 of the Dungeon)
 q - a +0 war axe
   (You took it off an orc on level 3 of the Dungeon)
 u - a +0 rapier
   (You found it on level 3 of the Dungeon)
Missiles
 r - 7 boomerangs (quivered)
 x - 6 stones
Armour
 b - a +0 robe (worn)
 c - a +0 hat (worn)
 d - a scarf of repulsion (worn)
   (You found it on level 1 of the Dungeon)
 k - a scarf of invisibility
   (You found it on level 1 of the Dungeon)
 o - a +0 kite shield
   (You found it on level 3 of the Dungeon)
Jewellery
 i - a +4 ring of slaying (left hand)
   (You found it on level 2 of the Dungeon)
 y - a ring of positive energy (right hand)
   (You found it on level 6 of the Dungeon)
Scrolls
 e - a scroll of enchant weapon {unknown}
 f - a scroll of fear {unknown}
 h - a scroll of immolation {unknown}
 j - a scroll of magic mapping {unknown}
 l - 4 scrolls of teleportation {@r4}
 n - a scroll of remove curse {unknown}
Potions
 g - 3 potions of curing {@q1}
 s - 2 potions of haste {unknown}
 t - a potion of brilliance {unknown}
 v - a potion of lignification {unknown}
 w - a potion of berserk rage {!q}


   Skills:
 - Level 1.5 Dodging
 - Level 3.1 Stealth
 - Level 4.0 Spellcasting
 + Level 1.5 Conjurations
 - Level 2.0 Hexes
 - Level 3.0 Summonings
 - Level 1.0 Translocations


You had 2 spell levels left.
You knew the following spells:

 Your Spells              Type           Power        Failure   Level
a - Magic Dart            Conj           #...         10%         1
b - Slow                  Hex            #.......     12%         2
j - Call Imp              Summ           ##......     8%          2
l - Mephitic Cloud        Conj/Pois/Air  #.......     41%         3
B - Blink                 Tloc           N/A          19%         2

Your spell library contained the following spells:

 Spells                   Type           Power        Failure   Level
 Conjure Flame            Conj/Fire      #.......     36%         3


Dungeon Overview and Level Annotations

Branches:
Dungeon (6/15)
 Temple: D:4-7

Altars:
Fedhas

Annotations:
D:3 2 transporters, Grinder; Rennog's ghost, amateur DsGl
D:5 exclusions: centaur and 1 more exclusion


Innate Abilities, Weirdness & Mutations

You have extremely sharp teeth.
Your natural rate of healing is unusually fast.
When hurt, damage is shared between your health and your magic reserves.
Your bite disrupts and absorbs the magic of your enemies.
Potions cannot restore your health.
You are immune to rotting.


Message History

Level annotation: exclusions: centaur and 1 more exclusion Welcome back, vt the Vine Stalker Hedge Wizard.
Press ? for a list of commands and other information.
Unknown command.
Your crimson imp disappears in a puff of smoke!
You climb downwards.
Unknown command.
Okay, then.
HP restored.
An ufetubus comes into view.
The ufetubus shouts!
You miss the ufetubus. The ufetubus hits you.
The ufetubus completely misses you. The ufetubus barely misses you. x2
You hit the ufetubus. Your bite misses the ufetubus.
The ufetubus is almost dead.
The ufetubus closely misses you. The ufetubus hits you.
* * * LOW MAGIC WARNING * * *
You are too injured to fight recklessly!
You are too injured to fight recklessly!
You hit the ufetubus.
You kill the ufetubus!
l - 4 scrolls of teleportation {@r4} (gained 1)
You open the door. You open the door. You open the door.
Found a notched agate ring.
Found a stone staircase leading up.
Found a stone staircase leading down.
y - a notched agate ring You now have 90 gold pieces (gained 20).
y - a ring of positive energy (right hand)
You climb upwards.
Level annotation: exclusions: centaur and 1 more exclusion You now have 101 gold pieces (gained 11).
Found a stone staircase leading up.
r - 7 boomerangs (gained 2)
You now have 110 gold pieces (gained 9).
You climb upwards.
s - 2 ruby potions (gained 1)
You now have 120 gold pieces (gained 10).
Found a stone staircase leading down.
You climb downwards.
Level annotation: exclusions: centaur and 1 more exclusion A sky beast comes into view.
The helpless sky beast fails to defend itself.
You puncture the sky beast! Your bite misses the sky beast.
The sky beast is heavily wounded.
The sky beast hits you. The sky beast shocks you.
The sky beast hits you but does no damage.
You climb upwards.
Cast which spell? (? or * to list)
A beastly little devil appears in a puff of flame.
The sky beast closely misses you.
Casting: Call Imp (safe; 8% risk of failure)
Confirm with . or Enter, or press ? or * to list all spells.
You miscast Call Imp.
You are very lightly contaminated with residual magic.
Nothing appears to happen.
* * * LOW MAGIC WARNING * * *
The sky beast barely misses you.
Your crimson imp hits the sky beast.
Casting: Call Imp (safe; 8% risk of failure)
Confirm with . or Enter, or press ? or * to list all spells.
A beastly little devil appears in a puff of flame.
* * * LOW MAGIC WARNING * * *
The sky beast hits you. The sky beast shocks you.
* * * LOW MAGIC WARNING * * *
Your crimson imp barely misses the sky beast.
Your crimson imp barely misses the sky beast.
The sky beast hits your crimson imp but does no damage.
Casting: Call Imp (safe; 8% risk of failure)
Confirm with . or Enter, or press ? or * to list all spells.
You miscast Call Imp.
Nothing appears to happen.
* * * LOW MAGIC WARNING * * *
Your crimson imp hits the sky beast.
Your crimson imp barely misses the sky beast.
The sky beast hits your crimson imp. The sky beast shocks your crimson imp.
Enter note: .....
Your crimson imp blinks!
Your crimson imp hits the sky beast.
The sky beast flickers out of sight!
Deactivating autopickup; reactivate with Ctrl-A.
A sky beast appears from thin air!
Reactivating autopickup.
You aren't carrying any items that you can evoke.
Your crimson imp blinks!
You open the door.
The sky beast flickers out of sight!
Deactivating autopickup; reactivate with Ctrl-A.
Something hits you. Something shocks you.
* * * LOW MAGIC WARNING * * *
Enter note:
Okay, then.
Something hits you.
* * * LOW HITPOINT WARNING * * *
Something shocks you.
* * * LOW HITPOINT WARNING * * *
Something hits you.
* * * LOW HITPOINT WARNING * * *
Something shocks you.
* * * LOW MAGIC WARNING * * *
You die...

░░░░░░░░░░░░░░░░░░░░
░...................
░...................
░......>░░.....░░..
░...░░..░░.....░
░...░░........>░
░...░░..░░.....░░░░░░
░...░░..░░....5{'...░
░░+░░░...+..5.@.░...░
░..░░░░+░░░░░░░░ ░░+░


You could see 2 friendly crimson imps.

Vanquished Creatures
  An ufetubus (D:6)
  2 oozes
  2 dart slugs (D:1)
  2 leopard geckos
  3 bats
  4 giant cockroaches
  3 goblins
  4 hobgoblins
  3 jackals (D:1)
  A kobold (D:1)
  3 frilled lizards
  2 rats (D:1)
30 creatures vanquished.

Vanquished Creatures (collateral kills)
  A hound (D:5)
  A jelly (D:5)
  An orc wizard (D:3)
  An adder skeleton (D:5)
  A worm (D:3)
  4 orcs (D:3)
  A giant cockroach (D:3)
  A goblin (D:1)
  2 hobgoblins
  A kobold (D:2)
  2 rats (D:3)
16 creatures vanquished.

Grand Total: 46 creatures vanquished

Notes
Turn   | Place    | Note
-------+----------+-------------------------------------------
     0 | D:1      | vt the Vine Stalker Hedge Wizard began the quest for the
                  | Orb.
     0 | D:1      | Reached XP level 1. HP: 9/9 MP: 5/5
   152 | D:1      | HP: 2/9 [jackal (2)]
   153 | D:1      | Reached skill level 3 in Stealth
   153 | D:1      | Reached XP level 2. HP: 3/13 MP: 0/7
   162 | D:1      | HP: 3/13 [jackal (1)]
   163 | D:1      | HP: 1/13 [jackal (1)]
   224 | D:2      | Learned a level 2 spell: Blink
   227 | D:2      | Learned a level 2 spell: Call Imp
   230 | D:2      | Learned a level 2 spell: Slow
   446 | D:2      | Reached skill level 2 in Summonings
   446 | D:2      | Reached XP level 3. HP: 9/16 MP: 3/9
   800 | D:3      | Reached skill level 3 in Summonings
   801 | D:3      | Gained mutation: Your natural rate of healing is unusually
                  | fast. [Vine Stalker growth]
   801 | D:3      | Reached XP level 4. HP: 15/21 MP: 2/10
   834 | D:3      | Noticed an ogre
   835 | D:3      | Noticed Rennog's ghost (amateur DsGl)
   887 | D:3      | Noticed Grinder
  1049 | D:3      | Found a transporter.
  1066 | D:3      | Found a blossoming altar of Fedhas.
  1075 | D:3      | Found a transporter.
  1170 | D:5      | Entered Level 5 of the Dungeon
  1175 | D:5      | Reached skill level 4 in Spellcasting
  1175 | D:5      | Reached skill level 1 in Hexes
  1190 | D:5      | Learned a level 3 spell: Mephitic Cloud
  1213 | D:5      | HP: 4/21 [hound (5)]
  1219 | D:5      | Reached skill level 2 in Hexes
  1219 | D:5      | Reached XP level 5. HP: 7/24 MP: 1/12
  1235 | D:5      | Noticed a centaur
  1395 | D:5      | Noticed a sky beast
  1406 | D:4      | .....
  1414 | D:4      | HP: 6/24 [something (5)]
  1415 | D:4      | Slain by a sky beast

Illustrated notes

░░░░░░░░░░░░░░░░░░░░
░...................
░......5Y5@........
░......>░░.....░░.
░...░░..░░.....░
░...░░........>░
░...░░..░░.....░
░...░░..░░......+
░░+░░░...+......░
░..░░░░+░░░░ ░░+░


Turn 1406 on D:4: .....

Levels and vault maps discovered:
D:1:      minmay_arrival_diagonal_passages, layout_loops_ring
D:2:      layout_basic, xom_teletrap_fun
D:3:      layout_basic, lemuel_crystal_altar, gammafunk_ghost_smash,
          uniq_grinder
D:4:      layout_gridville, makhleb_grotto_becter
D:5:      layout_loops_ring, nicolae_overflow_crystal_walls, uniq_menkaure
D:6:      layout_loops_corners, old_standard_altar, overflow_temple_1_default,
          minmay_temple_entry_tees, hex_medium

Skill      XL: |  1  2  3  4 |
---------------+-------------+-----
Stealth        | 3 |  3.1
Summonings     | 2 3 |  3.0
Spellcasting   | 4 |  4.0
Hexes          | 2 |  2.0
Dodging        | |  1.5
Conjurations   | |  1.5
Translocations | |  1.0

Action                   |  1- 3 |  4- 6 || total
-------------------------+-------+-------++-------
Melee: Dagger            |    57 |    19 ||    76
       Bite              |    18 |     3 ||    21
 Cast: Magic Dart        |    18 |       ||    18
       Call Imp          |    14 |    15 ||    29
  Use: Scroll            |       |     3 ||     3
 Stab: Sleeping          |     3 |     3 ||     6
Armor: Robe              |    10 |     2 ||    12
Dodge: Dodged            |    49 |    15 ||    64

Table legend: (Time is in decaauts)
 A = Elapsed time spent in this place.
 B = Non-inter-level travel time spent in this place.
 C = Inter-level travel time spent in this place.
 D = Time resting spent in this place.
 E = Time spent auto-exploring this place.
 F = Levels seen in this place.
 G = Mean time per level.
                   A        B        C        D        E       F      G
               +--------+--------+--------+--------+--------+-----+--------+
         Total |   1430 |   1344 |     86 |      2 |      0 |   6 |  238.3 |
       Dungeon |   1430 |   1344 |     86 |      2 |      0 |   6 |  238.3 |
               +--------+--------+--------+--------+--------+-----+--------+

Top non-repeatable levels by time:
     D:3: 485 daAuts
     D:2: 334 daAuts
     D:1: 321 daAuts
     D:5: 139 daAuts
     D:4: 81 daAuts
     D:6: 67 daAuts

Table legend:
 A = Kills in this place as a percentage of kills in entire the game.
 B = Kills by you in this place as a percentage of kills by you in the entire game.
 C = Kills by friends in this place as a percentage of kills by friends in the entire game.
 D = Other kills in this place as a percentage of other kills in the entire game.
 E = Experience gained in this place as a percentage of experience gained in the entire game.
 F = Experience gained in this place divided by the number of levels of this place that you have seen.
                   A       B       C       D       E      F
               +-------+-------+-------+-------+-------+----------------------
         Total | 100.0 | 100.0 | 100.0 |   N/A | 100.0 |  31.2
       Dungeon | 100.0 | 100.0 | 100.0 |   N/A | 100.0 |  31.2
               +-------+-------+-------+-------+-------+----------------------
